 Dungeon Sprint DCSS version 0.20-a0-833-gc632bec (webtiles) character file.

7600000 esc the Formicid Barricade (level 27, -7/249 HPs)
             Began as a Formicid Fighter on Mar 7, 2017.
             Was the Champion of Makhleb.
             Mangled by a sculptor of flesh
             ... wielding a +9 great sword
              (239 damage)
             ... in the Dungeon (Sprint VIII: "Arena of Blood").
             The game lasted 00:02:16 (76 turns).

esc the Formicid Barricade (Formicid Fighter)         Turns: 76, Time: 00:02:17

Health: -7/249     AC: 13    Str: 24    XL:     27
Magic:  35/54      EV: 29    Int: 13    God:    Makhleb [******]
Gold:   0          SH: 19    Dex: 15    Spells: 80/80 levels left

rFire    . . .     SeeInvis +   l - +∞ Axe of Woe
rCold    . . .     Gourm    .   b - +0 scale mail
rNeg     . . .     Faith    .   c - +0 shield
rPois    .         Spirit   .   (helmet unavailable)
rElec    .         Reflect  .   (no cloak)
rCorr    .         Harm     .   (no gloves)
MR       ++...                  (no boots)
Stlth    ++++++++..             (no amulet)
Regen    0.6/turn               (no ring)
MPRegen  0.4/turn               (no ring)

@: no status effects
A: permanent stasis, dig shafts and tunnels, four strong arms, antennae 3
a: Dig, Minor Destruction, Lesser Servant of Makhleb, Major Destruction, Greater
Servant of Makhleb, Renounce Religion


You were in the Dungeon.
You worshipped Makhleb.
Makhleb was exalted by your worship.
You were not hungry.

You visited 1 branch

Inventory:

Hand Weapons
 a - a +0 war axe
 l - the +∞ Axe of Woe (weapon)
   (You found it in the Dungeon)
Armour
 b - a +0 scale mail (worn)
 c - a +0 shield (worn)
Jewellery
 m - an uncursed ring of protection from fire {rF+, !d}
   (You found it in the Dungeon)
Scrolls
 k - a scroll of blinking {!r}
Potions
 d - a potion of might
 e - a potion of curing
 g - a potion of heal wounds
 h - a potion of haste
 i - 2 potions of magic
 j - a potion of berserk rage {!q}
Comestibles
 f - a bread ration {@e1}


   Skills:
 O Level 27 Fighting
 O Level 27 Axes
 O Level 27 Throwing
 O Level 27 Armour
 O Level 27 Dodging
 O Level 27 Stealth
 O Level 27 Shields
 O Level 27 Unarmed Combat
 O Level 27 Spellcasting
 O Level 27 Invocations


You had 80 spell levels left.
You didn't know any spells.

Dungeon Overview and Level Annotations

Branches:
Dungeon (1/1)

Altars:
Makhleb


Innate Abilities, Weirdness & Mutations

You cannot be hasted, slowed, berserked, paralysed or teleported.
You can dig through walls and to a lower floor.
Your four strong arms can wield two-handed weapons with a shield.
You have a pair of large antennae on your head. (SInv)


Message History

The corpses begin to drag themselves along the ground!
You hear a shout!
The destroyer blinks! 2 crawling corpses come into view.
Items here: )) == a +9 war axe; a +30 ring of slaying; a +9 war axe; a +30 ring of slaying You take 41 damage, and have 191/249 hp.
You carve the bag of meat like a ham!!!!
You butcher the bag of meat messily.
You kill the bag of meat!
Makhleb accepts your kill.
You hit the crawling corpse.
You fatally mangle the crawling corpse.
You destroy the crawling corpse!
You slice the bag of meat!!
You butcher the bag of meat messily.
You kill the bag of meat!
Makhleb accepts your kill.
You feel better.
You slash the meat berserker!
You pulverise the meat berserker into a thin bloody mist.
You kill the meat berserker!
Makhleb accepts your kill.
You feel better.
The small abomination is engulfed in blazing flames.
You hear a shout!
The accursed points at you and mumbles some strange words.
Something smites you!
You hear a shout! x2
The accursed gestures at you while chanting.
Something smites you!
You regained 38 hp, and now have 229/249 hp.
You slice the bag of meat!!
You dissect the bag of meat like a pig carcass.
You kill the bag of meat!
Makhleb accepts your kill.
You feel better.
You slash the meat berserker!
You cleave the meat berserker in twain.
You kill the meat berserker!
Makhleb accepts your kill.
You hit the small abomination but do no damage.
You slaughter the small abomination joyfully.
You destroy the small abomination!
Makhleb accepts your kill.
You hear a shout!
A crawling corpse merges with a small abomination to form a large abomination.
The destroyer is engulfed in blazing flames.
The destroyer blinks!
You hear a shout!
A crawling corpse merges with a large abomination.
You hear a shout! x4
A crawling corpse comes into view.
Health restored: 249 You cut the bag of meat into ribbons!!!
You cleave the bag of meat in twain.
You kill the bag of meat!
Makhleb accepts your kill.
You slash the bag of meat!
You hew the bag of meat savagely.
You kill the bag of meat!
Makhleb accepts your kill.
You hear a shout!
The accursed casts a spell at you. Something smites you!
You hear a shout! x3
The corpses begin to drag themselves along the ground!
The bag of meat is engulfed in blazing flames.
You hear a shout! x2
The destroyer blinks! 3 crawling corpses come into view.
You take 15 damage, and have 234/249 hp.
You hit the destroyer.
You cleave the destroyer in twain.
You destroy the destroyer!
Makhleb accepts your kill.
You feel better.
You hit the accursed.
You butcher the accursed messily.
You destroy the accursed!
Makhleb accepts your kill.
You feel extremely nervous for a moment...
You are engulfed in negative energy!
You feel drained.
Your life force feels restored.
You hit the crawling corpse.
You butcher the crawling corpse messily.
You destroy the crawling corpse!
You slice the bag of meat!!
You butcher the bag of meat messily.
You kill the bag of meat!
Makhleb accepts your kill.
You slice the crawling corpse!!
You dissect the crawling corpse like a pig carcass.
You destroy the crawling corpse!
You hear a shout! x5
The bag of meat is engulfed in blazing flames.
Health restored: 249 Unknown command.
Unknown command.
Really walk into that cloud of flame?
You are engulfed in blazing flames.
You hear a shout! x3
The crawling corpse is engulfed in blazing flames.
The crawling corpse is destroyed!
The bag of meat completely misses you.
The sculptor of flesh is engulfed in blazing flames.
The sculptor of flesh hits you with a +9 great sword!!!!!
Ouch! That really hurt!
You die...

#.........#..z§...)
#%x...%.x§)..#.....
#......)§{#......##
#..%.#§§§.{%.......
#....##§)).%§.#....
#)x)..#.)...#%.....
#)o§X)X###..{o.....
#)oz))## ..%#......
#o@).#).......#....
#..M.#{.x..........
#....X..M........##
#..§......... {
#............
#.........#..
#........#.#.
#.........


You could see an accursed, a sculptor of flesh, 3 large abominations, 3 bags of
meat and 2 crawling corpses.

Vanquished Creatures
  2 greater mummies (D)
  A wraith (D)
  Harold (D)
  8 vampire knights (D)
  22 ogres (D)
  9 two-headed ogres (D)
  2 liches (D)
  74 orcs (D)
  A skeletal warrior (D)
  A large abomination (D)
  4 small abominations (D)
  3 crawling corpses (D)
128 creatures vanquished.

Vanquished Creatures (others)
  A small abomination (D)
  6 crawling corpses (D)
7 creatures vanquished.

Grand Total: 135 creatures vanquished

Notes
Turn   | Place    | Note
-------+----------+-------------------------------------------
     0 | D        | esc the Formicid Fighter began the quest for the Orb.
     0 | D        | Reached XP level 1. HP: 18/18 MP: 1/1
     3 | D        | Noticed a bag of meat
     4 | D        | Became a worshipper of Makhleb the Destroyer
     6 | D        | Noticed a bag of meat
     6 | D        | Noticed a bag of meat
     7 | D        | Noticed a bag of meat
     8 | D        | Noticed a bag of meat
     8 | D        | Noticed a bag of meat
     8 | D        | Noticed a bag of meat
     9 | D        | Noticed a bag of meat
     9 | D        | Noticed a bag of meat
     9 | D        | Noticed a bag of meat
     9 | D        | Noticed a bag of meat
    10 | D        | Noticed a bag of meat
    10 | D        | Noticed a bag of meat
    10 | D        | Noticed a bag of meat
    10 | D        | Noticed a bag of meat
    11 | D        | Noticed a bag of meat
    11 | D        | Noticed a bag of meat
    11 | D        | Noticed a bag of meat
    11 | D        | Killed a bag of meat
    11 | D        | Reached skill level 14 in Fighting
    11 | D        | Reached skill level 13 in Axes
    11 | D        | Reached skill level 14 in Armour
    11 | D        | Reached skill level 12 in Dodging
    11 | D        | Reached skill level 15 in Shields
    11 | D        | Reached XP level 2. HP: 43/43 MP: 2/2
    11 | D        | Reached XP level 3. HP: 49/49 MP: 3/3
    11 | D        | Reached XP level 4. HP: 56/56 MP: 4/4
    11 | D        | Reached XP level 5. HP: 62/62 MP: 5/5
    11 | D        | Reached XP level 6. HP: 69/69 MP: 6/6
    11 | D        | Reached XP level 7. HP: 75/75 MP: 7/7
    11 | D        | Reached XP level 8. HP: 82/82 MP: 8/8
    11 | D        | Reached XP level 9. HP: 88/88 MP: 9/9
    11 | D        | Reached XP level 10. HP: 95/95 MP: 10/10
    11 | D        | Reached XP level 11. HP: 101/101 MP: 11/11
    11 | D        | Reached XP level 12. HP: 108/108 MP: 12/12
    11 | D        | Killed a bag of meat
    11 | D        | Reached * piety under Makhleb
    11 | D        | Reached skill level 16 in Fighting
    11 | D        | Reached skill level 15 in Axes
    11 | D        | Reached skill level 16 in Armour
    11 | D        | Reached skill level 14 in Dodging
    11 | D        | Reached skill level 17 in Shields
    11 | D        | Reached XP level 13. HP: 119/119 MP: 13/13
    12 | D        | Noticed a large bag of meat
    12 | D        | Noticed a bag of meat
    12 | D        | Noticed a bag of meat
    12 | D        | Noticed a bag of meat
    12 | D        | Noticed a meat berserker
    12 | D        | Killed a bag of meat
    12 | D        | Reached skill level 17 in Fighting
    12 | D        | Reached skill level 16 in Axes
    12 | D        | Reached skill level 17 in Armour
    12 | D        | Reached skill level 15 in Dodging
    12 | D        | Reached skill level 19 in Shields
    12 | D        | Reached XP level 14. HP: 93/129 MP: 14/14
    12 | D        | Killed a bag of meat
    12 | D        | Reached skill level 19 in Fighting
    12 | D        | Reached skill level 17 in Axes
    12 | D        | Reached skill level 19 in Armour
    12 | D        | Reached skill level 16 in Dodging
    12 | D        | Reached skill level 20 in Shields
    12 | D        | Reached XP level 15. HP: 101/139 MP: 15/15
    12 | D        | Reached ** piety under Makhleb
    12 | D        | Reached skill level 20 in Fighting
    12 | D        | Reached skill level 18 in Axes
    12 | D        | Reached skill level 20 in Armour
    12 | D        | Reached skill level 17 in Dodging
    12 | D        | Reached skill level 21 in Shields
    13 | D        | Reached skill level 19 in Axes
    13 | D        | Reached skill level 22 in Shields
    13 | D        | Reached XP level 16. HP: 145/150 MP: 16/16
    13 | D        | Reached skill level 21 in Fighting
    13 | D        | Reached skill level 20 in Axes
    13 | D        | Reached skill level 21 in Armour
    13 | D        | Reached skill level 18 in Dodging
    13 | D        | Reached skill level 23 in Shields
    13 | D        | Reached *** piety under Makhleb
    13 | D        | Reached skill level 22 in Fighting
    13 | D        | Reached skill level 22 in Armour
    13 | D        | Reached skill level 19 in Dodging
    13 | D        | Reached skill level 24 in Shields
    14 | D        | Noticed a meat berserker
    14 | D        | Reached skill level 23 in Fighting
    14 | D        | Reached skill level 21 in Axes
    14 | D        | Reached skill level 23 in Armour
    14 | D        | Reached skill level 20 in Dodging
    14 | D        | Reached XP level 17. HP: 163/163 MP: 17/17
    14 | D        | Reached skill level 22 in Axes
    14 | D        | Reached skill level 25 in Shields
    14 | D        | Reached skill level 24 in Fighting
    14 | D        | Reached skill level 24 in Armour
    14 | D        | Reached skill level 21 in Dodging
    14 | D        | Reached skill level 26 in Shields
    14 | D        | Reached XP level 18. HP: 175/175 MP: 18/18
    14 | D        | Reached **** piety under Makhleb
    14 | D        | Reached skill level 25 in Fighting
    14 | D        | Reached skill level 23 in Axes
    14 | D        | Reached skill level 25 in Armour
    14 | D        | Reached skill level 24 in Axes
    14 | D        | Reached skill level 22 in Dodging
    14 | D        | Reached skill level 27 in Shields
    14 | D        | Reached skill level 26 in Fighting
    14 | D        | Reached skill level 26 in Armour
    16 | D        | Reached skill level 27 in Fighting
    16 | D        | Reached skill level 25 in Axes
    16 | D        | Reached skill level 27 in Armour
    16 | D        | Reached skill level 23 in Dodging
    16 | D        | Reached XP level 19. HP: 186/189 MP: 19/19
    16 | D        | Killed a meat berserker
    16 | D        | Reached ***** piety under Makhleb
    16 | D        | Reached skill level 27 in Axes
    16 | D        | Reached skill level 26 in Dodging
    16 | D        | Killed a meat berserker
    16 | D        | Reached skill level 27 in Dodging
    16 | D        | Reached skill level 9 in Throwing
    16 | D        | Reached skill level 11 in Stealth
    16 | D        | Reached skill level 9 in Unarmed Combat
    16 | D        | Reached skill level 9 in Spellcasting
    16 | D        | Reached skill level 10 in Invocations
    16 | D        | Reached XP level 20. HP: 197/197 MP: 19/33
    16 | D        | Reached skill level 11 in Throwing
    16 | D        | Reached skill level 14 in Stealth
    16 | D        | Reached skill level 11 in Unarmed Combat
    16 | D        | Reached skill level 11 in Spellcasting
    16 | D        | Reached skill level 13 in Invocations
    16 | D        | Reached skill level 12 in Throwing
    16 | D        | Reached skill level 16 in Stealth
    16 | D        | Reached skill level 12 in Unarmed Combat
    16 | D        | Reached skill level 12 in Spellcasting
    16 | D        | Reached skill level 14 in Invocations
    17 | D        | Noticed a meat berserker
    17 | D        | Reached skill level 14 in Throwing
    17 | D        | Reached skill level 17 in Stealth
    17 | D        | Reached skill level 14 in Unarmed Combat
    17 | D        | Reached skill level 14 in Spellcasting
    17 | D        | Reached skill level 16 in Invocations
    17 | D        | Reached XP level 21. HP: 204/204 MP: 19/39
    17 | D        | Reached skill level 15 in Throwing
    17 | D        | Reached skill level 19 in Stealth
    17 | D        | Reached skill level 15 in Unarmed Combat
    17 | D        | Reached skill level 15 in Spellcasting
    17 | D        | Reached skill level 17 in Invocations
    17 | D        | Killed a large bag of meat
    17 | D        | Reached ****** piety under Makhleb
    17 | D        | Reached skill level 17 in Throwing
    17 | D        | Reached skill level 21 in Stealth
    17 | D        | Reached skill level 17 in Unarmed Combat
    17 | D        | Reached skill level 17 in Spellcasting
    17 | D        | Reached skill level 20 in Invocations
    19 | D        | Noticed a meat berserker
    21 | D        | Killed a meat berserker
    21 | D        | Reached skill level 19 in Throwing
    21 | D        | Reached skill level 23 in Stealth
    21 | D        | Reached skill level 19 in Unarmed Combat
    21 | D        | Reached skill level 19 in Spellcasting
    21 | D        | Reached skill level 22 in Invocations
    21 | D        | Reached XP level 22. HP: 212/212 MP: 20/45
    21 | D        | Reached skill level 24 in Stealth
    21 | D        | Reached skill level 20 in Throwing
    21 | D        | Reached skill level 25 in Stealth
    21 | D        | Reached skill level 20 in Unarmed Combat
    21 | D        | Reached skill level 20 in Spellcasting
    21 | D        | Reached skill level 23 in Invocations
    21 | D        | Reached skill level 21 in Throwing
    21 | D        | Reached skill level 26 in Stealth
    21 | D        | Reached skill level 21 in Unarmed Combat
    21 | D        | Reached skill level 21 in Spellcasting
    21 | D        | Reached skill level 24 in Invocations
    21 | D        | Reached skill level 25 in Invocations
    22 | D        | Noticed a meat berserker
    23 | D        | Reached skill level 22 in Throwing
    23 | D        | Reached skill level 27 in Stealth
    23 | D        | Reached skill level 22 in Unarmed Combat
    23 | D        | Reached skill level 22 in Spellcasting
    23 | D        | Reached skill level 26 in Invocations
    23 | D        | Reached XP level 23. HP: 219/219 MP: 20/49
    23 | D        | Reached skill level 23 in Throwing
    23 | D        | Reached skill level 23 in Unarmed Combat
    23 | D        | Reached skill level 23 in Spellcasting
    26 | D        | Noticed a large bag of meat
    27 | D        | Killed a large bag of meat
    27 | D        | Reached skill level 25 in Throwing
    27 | D        | Reached skill level 25 in Unarmed Combat
    27 | D        | Reached skill level 25 in Spellcasting
    27 | D        | Reached skill level 27 in Invocations
    27 | D        | Reached skill level 27 in Throwing
    27 | D        | Reached skill level 27 in Unarmed Combat
    27 | D        | Reached skill level 27 in Spellcasting
    27 | D        | Reached XP level 24. HP: 227/227 MP: 21/54
    28 | D        | Noticed a destroyer
    29 | D        | Noticed a destroyer
    29 | D        | Noticed a large bag of meat
    30 | D        | Noticed The Servant
    32 | D        | Reached XP level 25. HP: 234/234 MP: 23/54
    32 | D        | Reached XP level 26. HP: 242/242 MP: 23/54
    33 | D        | Killed a large bag of meat
    33 | D        | Reached XP level 27. HP: 249/249 MP: 23/54
    34 | D        | Noticed a large bag of meat
    34 | D        | Noticed a large bag of meat
    36 | D        | Noticed a large bag of meat
    37 | D        | Noticed a destroyer
    41 | D        | Noticed a large bag of meat
    41 | D        | Noticed a large bag of meat
    41 | D        | Noticed a destroyer
    42 | D        | Killed a large bag of meat
    42 | D        | Killed a destroyer
    43 | D        | Noticed a destroyer
    44 | D        | Killed a destroyer
    45 | D        | Noticed a large bag of meat
    46 | D        | Killed a large bag of meat
    46 | D        | Killed a destroyer
    46 | D        | Killed a destroyer
    46 | D        | Killed a large bag of meat
    47 | D        | Noticed a destroyer
    47 | D        | Killed a large bag of meat
    48 | D        | Killed a large bag of meat
    49 | D        | Noticed a tyrant
    50 | D        | Noticed a tyrant
    51 | D        | Killed a tyrant
    52 | D        | Noticed a destroyer
    52 | D        | Noticed a destroyer
    53 | D        | Noticed an accursed
    55 | D        | Noticed an accursed
    56 | D        | Killed an accursed
    56 | D        | Killed a destroyer
    56 | D        | Killed a tyrant
    57 | D        | Noticed an accursed
    59 | D        | Killed a large bag of meat
    59 | D        | Killed a destroyer
    67 | D        | Noticed a dread
    67 | D        | Killed The Servant
    70 | D        | Killed a dread
    70 | D        | Killed a destroyer
    75 | D        | Killed a destroyer
    75 | D        | Killed an accursed
    76 | D        | Mangled by a sculptor of flesh

Vault maps used:
D:        meatsprint

Skill      XL: |  1  2  3  4  5  6  7  8  9 10 11 12 13 14 15 16 17 18 19 20 21 22 23 |
---------------+----------------------------------------------------------------------+-----
Fighting       | 14 16 17 19 20 23 24 27 | 27.0
Axes           | 13 15 16 17 19 21 22 25 27 | 27.0
Armour         | 14 16 17 19 20 23 24 27 | 27.0
Dodging        | 12 14 15 16 17 20 21 23 27 | 27.0
Shields        | 15 17 19 20 22 24 26 27 | 27.0
Throwing       | 9 14 19 22 27 | 27.0
Stealth        | 11 17 23 27 | 27.0
Unarmed Combat | 9 14 19 22 27 | 27.0
Spellcasting   | 9 14 19 22 27 | 27.0
Invocations    | 10 16 22 26 27 | 27.0

Action                   |  1- 3 |  4- 6 |  7- 9 | 10-12 | 13-15 | 16-18 | 19-21 | 22-24 | 25-27 || total
-------------------------+-------+-------+-------+-------+-------+-------+-------+-------+-------++-------
Melee: Executioner's axe |     1 |       |       |       |     2 |     2 |     2 |     4 |    26 ||    37
Armor: Scale mail        |       |       |       |       |       |       |       |       |     1 ||     1
Dodge: Dodged            |       |       |       |       |       |       |     1 |     2 |     5 ||     8
Block: Shield            |       |       |       |       |       |     2 |     2 |     1 |     6 ||    11

Vault maps used:
D:        meatsprint

Table legend:
 A = Turns spent in this place as a percentage of turns spent in the entire game.
 B = Non-inter-level travel turns spent in this place as a percentage of non-inter-level travel turns spent in the entire game.
 C = Inter-level travel turns spent in this place as a percentage of turns spent in this place.
 D = Turns resting spent in this place as a percentage of non-inter-level travel turns spent in this place.
 E = Turns spent auto-exploring this place as a percentage of non-inter-level travel turns spent in this place.
 F = Non-inter-level travel turns spent in this place divided by the number of levels of this place that you've seen.
                   A       B       C       D       E      F
               +-------+-------+-------+-------+-------+----------------------
         Total | 100.0 | 100.0 |   0.0 |   0.0 |   0.0 | 136.0
       Dungeon | 100.0 | 100.0 |   0.0 |   0.0 |   0.0 | 136.0
               +-------+-------+-------+-------+-------+----------------------

Table legend:
 A = Kills in this place as a percentage of kills in entire the game.
 B = Kills by you in this place as a percentage of kills by you in the entire game.
 C = Kills by friends in this place as a percentage of kills by friends in the entire game.
 D = Other kills in this place as a percentage of other kills in the entire game.
 E = Experience gained in this place as a percentage of experience gained in the entire game.
 F = Experience gained in this place divided by the number of levels of this place that you have seen.
                   A       B       C       D       E      F
               +-------+-------+-------+-------+-------+----------------------
         Total | 100.0 | 100.0 |  -nan |  -nan | 100.0 | 3155233.0
       Dungeon | 100.0 | 100.0 |  -nan |  -nan | 100.0 | 3155233.0
               +-------+-------+-------+-------+-------+----------------------
